 Dungeon Crawl Stone Soup version 0.32-a0-30-gefbe487952 (webtiles) character file.

Game seed: 8225357723136451801

47156 Warped the Thaumaturge (level 14, 0/105 HPs)
             Began as a Djinni Conjurer on Jan 20, 2024.
             Was the Champion of Makhleb.
             Slain by a cane toad (13 damage)
             ... on level 5 of the Lair of Beasts.
             The game lasted 01:02:03 (18179 turns).

Warped the Thaumaturge (Djinni Conjurer)           Turns: 18179, Time: 01:02:03

Health: 0/105      AC: 17    Str:  9    XL:     14   Next: 80%
Gold:   1051       EV: 21    Int: 24    God:    Makhleb [******] SH:  0 Dex: 13

rFire   + + .        b - +1 scimitar (flame)
rCold   x . .        (no shield)
rNeg    . . .        O - +1 steam dragon scales
rPois   ∞            m - +2 helmet
rElec   .            q - +2 cloak
rCorr   .            Q - +2 pair of gloves {Str+3}
SInv    .            (boots unavailable)
Will    +....        (no amulet)
Stlth   ++           W - ring of wizardry
HPRegen 0.37/turn    y - +5 ring of evasion
MPRegen 0.00/turn

%: wizardry (x1), infuse magic (-1 HP)
@: about to teleport, flying
A: sickness immunity, fire resistance 2, cold vulnerability 1, float, innate
caster, HP casting, extra vitality 1
a: Renounce Religion, Minor Destruction, Lesser Servant of Makhleb, Major
Destruction, Greater Servant of Makhleb


You were on level 5 of the Lair of Beasts.
You worshipped Makhleb.
Makhleb was exalted by your worship.
You visited 5 branches of the dungeon, and saw 20 of its levels.
You also visited: Ossuary and Volcano.

You collected 1147 gold pieces.
You spent 96 gold pieces at shops.

Inventory:

Hand Weapons
 a - a +1 shortbow of electrocution
 b - a +1 scimitar of flaming (weapon)
 d - a +4 trident
 n - a +3 spear
 p - a +1 heavy sling
Missiles
 g - 113 stones
 D - 20 poisoned darts
 J - 5 curare-tipped darts
Armour
 m - a +2 helmet (worn)
 q - a +2 cloak (worn)
 w - a +1 cloak of fire resistance
 O - +1 steam dragon scales (worn)
 Q - a +2 pair of gloves of strength (worn)
 S - +0 swamp dragon scales
 T - a +0 kite shield of cold resistance
Magical Staves
 s - a staff of alchemy
Jewellery
 k - a ring of protection from cold
 v - a ring of willpower
 y - a +5 ring of evasion (right hand)
 K - a +6 ring of intelligence
 W - a ring of wizardry (left hand)
 X - a +4 ring of protection
Wands
 e - a wand of flame (10)
 t - a wand of iceblast (15)
 x - a wand of polymorph (10)
 C - a wand of charming (22)
 P - a wand of mindburst (4)
 R - a wand of light (10)
Scrolls
 j - 2 scrolls of immolation
 l - 5 scrolls of fog
 r - 5 scrolls of teleportation
 B - 3 scrolls of poison
 E - 4 scrolls of noise
 G - 2 scrolls of blinking
 U - a scroll of identify
 V - a scroll of fear
 Z - a scroll of enchant armour
Potions
 c - 4 potions of enlightenment
 f - a potion of heal wounds
 h - 2 potions of lignification
 i - a potion of berserk rage
 o - 7 potions of curing
 u - a potion of haste
 z - 2 potions of ambrosia
 A - 4 potions of magic
 F - 2 potions of invisibility
 H - 3 potions of brilliance
 I - a potion of cancellation
 L - a potion of experience {unknown}
 N - 2 potions of resistance
Miscellaneous
 M - a box of beasts
 Y - a phantom mirror


   Skills:
 - Level 11.2 Fighting
 + Level 7.8 Armour
 + Level 8.9 Dodging
 - Level 1.5 Stealth
 * Level 13.6 Spellcasting
 * Level 13.6 Conjurations
 * Level 13.6 Hexes
 * Level 13.6 Summonings
 * Level 13.6 Necromancy
 * Level 13.6 Translocations
 * Level 13.6 Fire Magic
 * Level 13.6 Ice Magic
 * Level 13.6 Air Magic
 * Level 13.6 Earth Magic
 * Level 13.6 Alchemy
 - Level 6.8 Invocations
 - Level 6.8 Evocations


You knew the following spells:

 Your Spells              Type           Power      Damage    Failure   Level
a - Magic Dart            Conj           100%       1d8       0%          1
b - Searing Ray           Conj           100%       2d8       0%          2
c - Fulminant Prism       Conj/Alch      35%        3d18      1%          4
d - Iskenderun's Mystic   Conj/Tloc      70%        2d14      1%          4
e - Slow                  Hex            100%       N/A       0%          1
f - Blink                 Tloc           100%       N/A       0%          2
g - Leda's Liquefaction   Alch/Erth      35%        N/A       1%          4
h - Lee's Rapid Deconstr  Erth           35%        3d18*     1%          5
i - Fireball              Conj/Fire      35%        3d15      1%          5
s - Stone Arrow           Conj/Erth      100%       3d13      1%          3
Your spell library was empty.

Dungeon Overview and Level Annotations

Branches:
Dungeon (12/15)            Temple (1/1) D:5            Lair (5/5) D:9
 Shoals (1/4) Lair:3        Snake (1/4) Lair:2        Slime (0/5) Lair:4
    Orc (0/2) D:12        Ossuary (visited)         Volcano (visited)

Altars:
Ashenzari
Cheibriados
Dithmenos
Elyvilon
Fedhas
Gozag
Hepliaklqana
Makhleb
Nemelex Xobeh
Okawaru
Qazlal
Ru
Trog
Uskayaw
Wu Jian
Xom
Yredelemnul
Zin
The Shining One

Shops:
D:2 [   D:11 *

Portals:
Trove: D:12 (give 7 scrolls of fog)

Annotations:
D:12 3 runed translucent doors, IdlyInterested's ghost, journeyman DsGl


Innate Abilities, Weirdness & Mutations

You are immune to sickness and miasma.
You are immune to poison.
Your flesh is very heat resistant. (rF++)
You are vulnerable to cold. (rC-)
You float through the air rather than walking.
You learn spells naturally, not from books.
Your magical power is your life essence.
You have superior vitality. (+4 MHP)


Message History

Unknown command.
Unknown command.
You feel much better. The death yak misses you. The death yak gores you!
* * * LOW HITPOINT WARNING * * *
The rime drake closely misses you.
A komodo dragon comes into view.
Unknown command.
Blink to where?
Press: ? - help, Dir - move target A cane toad comes into view.
As you read the scroll of blinking, it crumbles to dust.
The ice encasing you melts away.
The cane toad gives a loud, deep croak!
A komodo dragon comes into view.
The komodo dragon hisses angrily.
The water moccasin hisses angrily.
You hit the bush but do no damage.
An elephant comes into view.
The cane toad misses you. The cane toad stings you.
* * * LOW HITPOINT WARNING * * *
The elephant trumpets!
You hear an angry hiss.
The cane toad completely misses you.
The water moccasin attacks as it pursues you!
The water moccasin bites you but does no damage.
The water moccasin closely misses you.
The water moccasin attacks as it pursues you!
The water moccasin misses you. The cane toad misses you.
The water moccasin closely misses you.
The rime drake bites the bush but does no damage.
The cane toad attacks as it pursues you!
The cane toad closely misses you.
The rime drake bites the bush.
The cane toad attacks as it pursues you!
The cane toad stings you!
* * * LOW HITPOINT WARNING * * *
The water moccasin closely misses you.
Okay, then.
As you read the scroll of teleportation, it crumbles to dust.
You feel strangely unstable. The cane toad stings you!
You die...

.Y<.Y†.Y††...........#
....####.####..YkY..#
... ### ###PP..## .
#..Y.# ##Y..## ##....#
#.l.### #.SF..#
##@.### #...# ......#
#..#....# ..........
..........#P ...
#.#.##### #.# ##.##


You could see 2 death yaks, 2 elephants, a komodo dragon, a cane toad, a rime
drake and a water moccasin.

Vanquished Creatures
  Snorg (Lair:3)
  A vault guard (D:12)
  3 hydras
  3 two-headed ogres
  A boulder beetle (Lair:4)
  A hell hog (Volcano)
  3 death yaks (Lair:5)
  2 skysharks (Lair:4)
  Nergalle (D:10)
  3 skeletal warriors (D:11)
  Amaemon (Lair:3)
  An orange crystal statue (D:8)
  A lindwurm (Volcano)
  An obsidian statue (D:8)
  A deep elf pyromancer (D:9)
  Maurice (D:10)
  3 manticores
  3 cyclopes (D:12)
  6 elephants
  6 black mambas
  Maggie (D:10)
  An orange demon (Lair:3)
  6 cane toads
  11 komodo dragons
  2 unseen horrors (D:12)
  3 rime drakes
  2 kobold demonologists (D:9)
  A troll (D:12)
  2 hornets
  5 polar bears
  20 blink frogs
  A shadow (D:9)
  Sigmund (D:4)
  5 wyverns
  8 fire bats (Volcano)
  A vampire (D:11)
  A wraith (D:11)
  4 steam dragons
  2 basilisks
  31 yaks
  7 vampire mosquitoes
  15 water moccasins
  2 hell hounds (Volcano)
  3 black bears
  An orc warrior (D:8)
  An ice beast (D:7)
  2 ogres (D:5)
  8 centaurs
  4 wolves
  A phantom (D:5)
  2 kobold brigands
  9 bullfrogs
  2 scorpions
  A water moccasin zombie (Ossuary)
  9 wights
  9 killer bees (D:11)
  An electric eel (Lair:2)
  4 centaur zombies (Ossuary)
  A bombardier beetle (D:7)
  3 bullfrog zombies (Ossuary)
  A human zombie (Ossuary)
  3 orc priests
  2 hounds
  A jelly (D:7)
  6 iguanas
  A sleepcap (D:5)
  10 orc wizards
  2 scorpion zombies (Ossuary)
  An ogre zombie (Ossuary)
  A mummy (D:7)
  8 adders
  6 gnolls
  4 shadow imps
  A white imp (D:6)
  4 adder zombies (Ossuary)
  A ribbon worm (D:5)
  30 orcs
  5 ball pythons
  3 endoplasms
  3 giant cockroaches
  2 gnoll zombies (Ossuary)
  7 goblins
  8 hobgoblins
  2 quokkas
  4 bats
  3 frilled lizards
  A goblin zombie (D:7)
  4 hobgoblin zombies (Ossuary)
  14 kobolds
  2 orc zombies
  2 rats
378 creatures vanquished.

Vanquished Creatures (collateral kills)
  A cane toad (Lair:1)
1 creature vanquished.

Vanquished Creatures (others)
  2 fulminant prisms (D:5)
2 creatures vanquished.

Grand Total: 381 creatures vanquished

Notes
Turn   | Place    | Note
-------+----------+-------------------------------------------
     0 | D:1      | Warped the Djinni Conjurer began the quest for the Orb.
     0 | D:1      | Warped set off with the following spells memorised: Magic
                  | Dart, Searing Ray, Fulminant Prism, Iskenderun's Mystic
                  | Blast.
     0 | D:1      | Reached XP level 1. HP: 15/15 MP: 0/0
   144 | D:1      | Reached XP level 2. HP: 20/22 MP: 0/0
   588 | D:1      | Reached skill level 1 in Fighting
  1052 | D:2      | Reached XP level 3. HP: 22/27 MP: 0/0
  1052 | D:2      | Learned a level 1 spell: Slow
  1111 | D:2      | You are sucked into a shaft and drop 1 floor!
  1167 | D:2      | Found Fofainie's Antique Armour Emporium.
  1895 | D:3      | Reached XP level 4. HP: 19/33 MP: 0/0
  2250 | D:3      | Reached XP level 5. HP: 35/38 MP: 0/0
  2250 | D:3      | Learned a level 2 spell: Blink
  2523 | D:3      | Found an iron altar of Okawaru.
  2791 | D:4      | Found a sacrificial altar of Ru.
  2929 | D:4      | Noticed Sigmund
  2936 | D:4      | Killed Sigmund
  2937 | D:4      | Reached skill level 5 in Spellcasting
  2937 | D:4      | Reached skill level 5 in Conjurations
  2937 | D:4      | Reached skill level 5 in Hexes
  2937 | D:4      | Reached skill level 5 in Summonings
  2937 | D:4      | Reached skill level 5 in Necromancy
  2937 | D:4      | Reached skill level 5 in Translocations
  2937 | D:4      | Reached skill level 5 in Fire Magic
  2937 | D:4      | Reached skill level 5 in Ice Magic
  2937 | D:4      | Reached skill level 5 in Air Magic
  2937 | D:4      | Reached skill level 5 in Earth Magic
  2937 | D:4      | Reached skill level 5 in Alchemy
  2937 | D:4      | Reached XP level 6. HP: 38/46 MP: 0/0
  2990 | D:4      | Reached XP level 7. HP: 45/50 MP: 0/0
  2990 | D:4      | Learned a level 3 spell: Stone Arrow
  3110 | D:4      | Found a bloodstained altar of Trog.
  3250 | D:4      | Found a stormy altar of Qazlal.
  3380 | D:4      | Found a shimmering altar of Xom.
  3596 | D:5      | Entered Level 5 of the Dungeon
  3761 | D:5      | Found a staircase to the Ecumenical Temple.
  3775 | Temple   | Found a transporter.
  3775 | Temple   | Found a transporter.
  3775 | Temple   | Found a transporter.
  3775 | Temple   | Found a transporter.
  3775 | Temple   | Entered the Ecumenical Temple
  3834 | Temple   | Became a worshipper of Makhleb the Destroyer
  4100 | D:5      | Found a glowing golden altar of the Shining One.
  4230 | D:5      | Found a shadowy altar of Dithmenos.
  4241 | D:5      | Reached XP level 8. HP: 49/58 MP: 0/0
  4725 | D:6      | Noticed a hornet
  4729 | D:6      | Killed a hornet
  4730 | D:6      | Reached skill level 5 in Fighting
  5482 | D:7      | Reached XP level 9. HP: 62/65 MP: 0/0
  5482 | D:7      | Learned a level 4 spell: Leda's Liquefaction
  5535 | D:7      | Found a sand-covered staircase.
  5541 | Ossuary  | Entered an ossuary
  5693 | Ossuary  | Reached * piety under Makhleb
  6164 | Ossuary  | Noticed a silent spectre
  7478 | D:8      | Reached ** piety under Makhleb
  7561 | D:8      | Reached XP level 10. HP: 40/75 MP: 0/0
  7697 | D:8      | Noticed an orange crystal statue
  7833 | D:8      | Killed an orange crystal statue
  7968 | D:8      | Noticed an obsidian statue
  7982 | D:8      | Killed an obsidian statue
  7983 | D:8      | Reached skill level 10 in Spellcasting
  7983 | D:8      | Reached skill level 10 in Conjurations
  7983 | D:8      | Reached skill level 10 in Hexes
  7983 | D:8      | Reached skill level 10 in Summonings
  7983 | D:8      | Reached skill level 10 in Necromancy
  7983 | D:8      | Reached skill level 10 in Translocations
  7983 | D:8      | Reached skill level 10 in Fire Magic
  7983 | D:8      | Reached skill level 10 in Ice Magic
  7983 | D:8      | Reached skill level 10 in Air Magic
  7983 | D:8      | Reached skill level 10 in Earth Magic
  7983 | D:8      | Reached skill level 10 in Alchemy
  8068 | D:9      | Noticed a komodo dragon
  8072 | D:9      | Noticed a deep elf pyromancer
  8300 | D:9      | Killed a komodo dragon
  8302 | D:9      | Killed a deep elf pyromancer
  8303 | D:9      | Reached XP level 11. HP: 62/82 MP: 0/0
  8303 | D:9      | Learned a level 5 spell: Lee's Rapid Deconstruction
  8510 | D:9      | Reached *** piety under Makhleb
  8520 | D:9      | Noticed a two-headed ogre
  8535 | D:9      | Reached skill level 1 in Invocations
  8535 | D:9      | Reached skill level 1 in Evocations
  8538 | D:9      | Killed a two-headed ogre
  8872 | D:9      | Found a staircase to the Lair.
  8872 | D:9      | Noticed an elephant
  8877 | D:9      | Killed an elephant
  9177 | D:10     | Entered Level 10 of the Dungeon
  9182 | D:10     | Noticed Nergalle
  9193 | D:10     | Killed Nergalle
  9194 | D:10     | Reached skill level 1 in Armour
  9402 | D:10     | Noticed Maurice
  9411 | D:10     | Killed Maurice
  9891 | D:10     | Noticed Maggie
  9899 | D:10     | Killed Maggie
  9900 | D:10     | Noticed a two-headed ogre
  9906 | D:10     | Killed a two-headed ogre
  9907 | D:10     | Reached XP level 12. HP: 75/91 MP: 0/0
 10202 | D:11     | Noticed a skeletal warrior
 10210 | D:11     | Killed a skeletal warrior
 10282 | D:11     | Reached **** piety under Makhleb
 10590 | D:11     | Noticed a skeletal warrior
 10590 | D:11     | Noticed a skeletal warrior
 10599 | D:11     | Killed a skeletal warrior
 10646 | D:11     | Killed a skeletal warrior
 10647 | D:11     | Reached skill level 10 in Fighting
 11014 | D:11     | Found Zijiax's Island Escapes.
 11023 | D:11     | Bought a scroll of teleportation for 48 gold pieces
 11023 | D:11     | Bought a scroll of teleportation for 48 gold pieces
 11194 | D:12     | Found a runed translucent gate.
 11195 | D:12     | Found a runed translucent gate.
 11196 | D:12     | Found a runed translucent gate.
 11205 | D:12     | Noticed IdlyInterested's ghost (journeyman DsGl)
 11233 | D:12     | Noticed a vault guard
 11242 | D:12     | Killed a vault guard
 11363 | D:12     | Noticed a two-headed ogre
 11372 | D:12     | Killed a two-headed ogre
 11373 | D:12     | Reached skill level 5 in Dodging
 11725 | D:12     | Found a portal to a secret trove of treasure.
 11780 | D:12     | Found a staircase to the Orcish Mines.
 12390 | Lair:1   | Entered Level 1 of the Lair of Beasts
 12423 | Lair:1   | Reached skill level 5 in Invocations
 12423 | Lair:1   | Reached skill level 5 in Evocations
 12430 | Lair:1   | Reached XP level 13. HP: 86/97 MP: 0/0
 12430 | Lair:1   | Learned a level 5 spell: Fireball
 12520 | Lair:1   | Identified the +7 war axe "Teawugh" {heavy, rF+ rC- Int+2
                  | Dex+2}
 12923 | Lair:1   | Reached ***** piety under Makhleb
 12944 | Lair:1   | Reached skill level 5 in Armour
 14103 | Lair:2   | Found a staircase to the Snake Pit.
 15107 | Lair:3   | Noticed Snorg
 15108 | Lair:3   | Noticed a five-headed hydra
 15576 | Lair:3   | Killed Snorg
 15745 | Snake:1  | Entered Level 1 of the Snake Pit
 15852 | Lair:3   | Noticed an eight-headed hydra
 15857 | Lair:3   | Killed an eight-headed hydra
 15877 | Lair:3   | Noticed Amaemon
 15880 | Lair:3   | Reached XP level 14. HP: 73/105 MP: 0/0
 15888 | Lair:3   | Killed Amaemon
 16594 | Lair:3   | Found a staircase to the Shoals.
 16600 | Shoals:1 | Entered Level 1 of the Shoals
 17647 | Lair:4   | You are sucked into a shaft and drop 1 floor!
 17647 | Lair:5   | Entered Level 5 of the Lair of Beasts
 17715 | Lair:5   | Found a dark tunnel.
 17722 | Volcano  | Entered a volcano
 18122 | Lair:5   | Reached ****** piety under Makhleb
 18179 | Lair:5   | Slain by a cane toad

Illustrated notes

Levels and vault maps discovered:
D:1:      amcnicky_arrival_gap_in_the_tavern_cellar, layout_basic,
          amethyst_killhole
D:2:      minmay_evil_eye, layout_loops_ring, serial_shops,
          nicolae_shop_overgrown_old_shop, minmay_crystal_water
D:3:      layout_basic, lemuel_coloured_pillars_altar
D:4:      layout_basic, nicolae_vehumet_radiance, lemuel_tele_altar,
          nicolae_overflow_quartered_altars, hangedman_decor_peaks_small,
          minivault_23, uniq_sigmund
D:5:      layout_loops_corners, mainiacjoe_overflow_alcove_1,
          mainiacjoe_overflow_cross_hatched, minmay_temple_entry_mist,
          chequers_serial_rivers_micro_c, chequers_decorated_corner
D:6:      layout_basic, minmay_chambers_of_fives
D:7:      layout_loops_corners, nicolae_ossuary_entry_giza,
          kennysheep_crisscross
D:8:      minmay_separated_statues, layout_rooms
D:9:      kennysheep_steamy, layout_basic, grunt_lair_entry_orc_guard_hut
D:10:     layout_cave_pods, serial_column_ruins, column_ruins_grid_3,
          column_ruins_open_medium, column_ruins_corridor_corner,
          column_ruins_grid_1, column_ruins_open_medium,
          column_ruins_corridor_corner, column_ruins_columns_water,
          uniq_maurice, uniq_maggie, uniq_nergalle
D:11:     layout_loops_cross, nicolae_island_escapes
D:12:     layout_irregular_city, orc_0_dummy, biasface_ghost_orc_armoury,
          serial_column_ruins, column_ruins_hut, column_ruins_square_small,
          column_ruins_open_tiny, column_ruins_open_medium,
          column_ruins_columns_dead_end, column_ruins_corridor_straight,
          column_ruins_corridor_water, enter_trove_5
Temple:   hellmonk_temple_divided_pantheon
Lair:1:   layout_layer_cave, wad_woods_06, beast_lair_carwin_5
Lair:2:   layout_chaotic_city, dummy_snake_entry, nicolae_quartered_pool_super,
          minivault_25
Lair:3:   layout_small_grid, mainiacjoe_shoals_entry_four_pools,
          minmay_stone_trees_small, uniq_snorg, uniq_amaemon
Lair:4:   layout_hall_layers, dpeg_slime_entry_enclosed
Lair:5:   evil_forest, layout_loops_ring, nicolae_volcano_entry_hallway
Shoals:1: layout_shoals, gammafunk_ghost_wrathful_warriors
Snake:1:  layout_misc_corridors, serial_shops, shop

Skill      XL: |  1  2  3  4  5  6  7  8  9 10 11 12 13 14 |
---------------+-------------------------------------------+-----
Fighting       | 1 2 3 4 5 7 8 9 10 11 | 11.2
Spellcasting   | 4 5 6 7 9 10 11 12 13 | 13.6
Conjurations   | 4 5 6 7 9 10 11 12 13 | 13.6
Hexes          | 4 5 6 7 9 10 11 12 13 | 13.6
Summonings     | 4 5 6 7 9 10 11 12 13 | 13.6
Necromancy     | 4 5 6 7 9 10 11 12 13 | 13.6
Translocations | 4 5 6 7 9 10 11 12 13 | 13.6
Fire Magic     | 4 5 6 7 9 10 11 12 13 | 13.6
Ice Magic      | 4 5 6 7 9 10 11 12 13 | 13.6
Air Magic      | 4 5 6 7 9 10 11 12 13 | 13.6
Earth Magic    | 4 5 6 7 9 10 11 12 13 | 13.6
Alchemy        | 4 5 6 7 9 10 11 12 13 | 13.6
Invocations    | 3 5 6 |  6.8
Evocations     | 3 5 6 |  6.8
Armour         | 2 4 6 7 |  7.8
Dodging        | 3 5 7 8 |  8.9
Stealth        | |  1.5

Action                     |  1- 3 |  4- 6 |  7- 9 | 10-12 | 13-15 || total
---------------------------+-------+-------+-------+-------+-------++-------
  Melee: Unarmed           |     2 |       |       |       |       ||     2
         Spear             |       |       |    22 |       |       ||    22
         Trident           |       |       |     6 |    10 |       ||    16
         Scimitar          |       |       |       |       |    45 ||    45
         Punch             |       |       |       |       |     2 ||     2
   Fire: Shortbow          |       |       |       |    48 |    67 ||   115
   Cast: Magic Dart        |    48 |    40 |    15 |    35 |     6 ||   144
         Searing Ray       |     8 |    10 |     3 |    24 |     3 ||    48
         Stone Arrow       |       |       |   112 |   132 |   161 ||   405
         Fulminant Prism   |       |       |     2 |       |       ||     2
         Iskenderun's Myst |       |       |     6 |    17 |    31 ||    54
         Leda's Liquefacti |       |       |     1 |     4 |     1 ||     6
         Blink             |       |       |       |     2 |       ||     2
         Slow              |       |       |       |     1 |       ||     1
         Lee's Rapid Decon |       |       |       |    10 |    56 ||    66
         Fireball          |       |       |       |       |    14 ||    14
    Use: Scroll            |     1 |     8 |    12 |     3 |     9 ||    33
         Potion            |       |       |       |     2 |     5 ||     7
   Stab: Sleeping          |     1 |       |     1 |       |       ||     2
 Armour: Robe              |     5 |     6 |    42 |    49 |       ||   102
         Steam dragon scal |       |       |       |    62 |   158 ||   220
         Skin              |       |       |       |       |     2 ||     2
  Dodge: Dodged            |     4 |     8 |    41 |   191 |   262 ||   506

Table legend: (Time is in decaauts)
 A = Elapsed time spent in this place.
 B = Non-inter-level travel time spent in this place.
 C = Inter-level travel time spent in this place.
 D = Time resting spent in this place.
 E = Time spent auto-exploring this place.
 F = Levels seen in this place.
 G = Mean time per level.
                   A        B        C        D        E       F      G
               +--------+--------+--------+--------+--------+-----+--------+
         Total |  18280 |  17647 |    633 |   2434 |  12207 |  22 |  830.9 |
       Dungeon |  11678 |  11249 |    429 |   1082 |   8538 |  12 |  973.2 |
        Temple |     76 |     67 |      9 |      0 |      0 |   1 |   76.0 |
          Lair |   5440 |   5246 |    194 |    867 |   3437 |   5 | 1088.0 |
        Shoals |      1 |      1 |      0 |      0 |      0 |   1 |    1.0 |
     Snake Pit |      5 |      5 |      0 |      0 |      0 |   1 |    5.0 |
       Ossuary |    679 |    679 |      0 |    367 |     78 |   1 |  679.0 |
       Volcano |    397 |    397 |      0 |    118 |    153 |   1 |  397.0 |
               +--------+--------+--------+--------+--------+-----+--------+

Top non-repeatable levels by time:
  Lair:1: 1665 daAuts
  Lair:2: 1580 daAuts
  Lair:3: 1401 daAuts
    D:12: 1244 daAuts
     D:7: 1056 daAuts
     D:5: 1031 daAuts
    D:11: 1025 daAuts
     D:8: 1020 daAuts
     D:1: 991 daAuts
     D:9: 988 daAuts
    D:10: 949 daAuts
     D:3: 944 daAuts
     D:4: 854 daAuts
     D:2: 804 daAuts
     D:6: 767 daAuts
